 Dungeon Crawl Stone Soup version 0.13-a0-2531-g2ad9301 (webtiles) character file.

232 Rycklaryybbe the Magician (level 4, -1/30 HPs)
             Began as a Demigod Wizard on July 26, 2013.
             Killed by nerve-wracking pain
             ... invoked by Grinder
              (10 damage)
             ... while paralysed by Grinder
             ... on Level 3 of the Dungeon.
             The game lasted 00:08:30 (2207 turns).

Rycklaryybbe the Magician (Demigod Wizard)          Turns: 2207, Time: 00:08:30

HP  -1/30        AC  3     Str 12      XL: 4   Next: 22%
MP   9/15        EV  2     Int 23      God:
Gold 133         SH  0     Dex 14      Spells:  3 memorised,  3 levels left

Res.Fire  : . . .   See Invis. : .   p - +1 whip (flame)
Res.Cold  : . . .   Warding    : .   a - +0 robe
Life Prot.: . . .   Conserve   : .   (no shield)
Res.Poison: .       Res.Corr.  : .   u - +0 helmet
Res.Elec. : .       Clarity    : .   (no cloak)
Sust.Abil.: . .     Spirit.Shd : .   (no gloves)
Res.Mut.  : .       Stasis     : .   (no boots)
Res.Rott. : .       Flight     : .   (no amulet)
Saprovore : . . .                    (no ring)
                                     h - ring of wizardry

@: paralysed, slightly resistant to hostile enchantments, fairly stealthy
A: no striking features
a: no special abilities


You were on level 3 of the Dungeon.
You were hungry.

You visited 1 branch of the dungeon, and saw 3 of its levels.

You collected 113 gold pieces.

Inventory:

Hand weapons
 p - a +1,+1 whip of flaming (weapon)
 v - a +2,+1 halberd of dragon slaying
Missiles
 x - 9 stones (quivered)
Armour
 a - a +0 robe (worn)
 b - a +0 wizard hat
 o - a +0 helmet
 u - a +0 helmet (worn)
Comestibles
 d - 4 bread rations
 f - a meat ration
 i - an apricot
Scrolls
 e - a scroll of identify {unknown}
 g - a scroll of magic mapping {unknown}
 j - a scroll of teleportation {unknown}
 k - a scroll of recharging {unknown}
 l - a scroll of fog {unknown}
 n - a scroll of enchant armour {unknown}
 s - a scroll of curse armour {unknown}
 w - a scroll of curse jewellery {unknown}
 y - a scroll of noise {unknown}
 A - a scroll of fear {unknown}
 B - a scroll of blinking {unknown}
Jewellery
 h - a ring of wizardry (left hand)
Potions
 m - 2 potions of degeneration {unknown}
 q - a potion of brilliance {unknown}
 r - a potion of might
 t - a potion of cure mutation {unknown}
Books
 c - a book of Minor Magic

   Spells                             Type                      Level
   *Magic Dart                        Conjuration                  1
   *Blink                             Translocation                2
   Call Imp                           Summoning                    2
   Repel Missiles                     Charms/Air                   2
   Slow                               Hexes                        2
   Conjure Flame                      Conjuration/Fire             3
   *Mephitic Cloud                    Conjuration/Poison/Air       3


   Skills:
 - Level 1.7 Dodging
 - Level 1.7 Stealth
 + Level 3.3 Spellcasting
 - Level 2.2 Conjurations
   Level 0.8 Summonings
 - Level 0.8 Translocations
 + Level 1.4 Air Magic
 + Level 1.0 Poison Magic


You had 3 spell levels left.
You knew the following spells:

 Your Spells              Type           Power        Failure   Level  Hunger
a - Magic Dart            Conj           ##..         1%          1    None
b - Mephitic Cloud        Conj/Pois/Air  ##......     8%          3    ###....
c - Blink                 Tloc           N/A          5%          2    #......


Dungeon Overview and Level Annotations

Branches:
Dungeon (3/27)

Annotations
D:3 Grinder


Message History

Pain shoots through your body!
Casting: Magic Dart
Confirm with . or Enter, or press ? or * to list all spells.
Aiming: Magic Dart
Press: ? - help, Shift-Dir - straight line, f/p - Grinder
Aim: Grinder (moderately wounded, unusually strong)
The magic dart hits Grinder.
Grinder is moderately wounded.
Grinder gestures at you. Pain shoots through your body!
Grinder gestures at you.
You suddenly lose the ability to move!
Grinder gestures at you. Pain shoots through your body!
* * * LOW HITPOINT WARNING * * *
Grinder gestures.
Grinder blinks!
Grinder gestures at you. Pain shoots through your body!
You die...

.. #.#### ...##....## #
...##.....############.##
.........).....)..........
##.#.....)...####...##.##
##.#...###...# #....#
.#.##.## ##### #...## .#.##.#
###>..# .#.##.###...##..@####
# .........%........ยง.##.#
.......................#
..................5..........
.####.#####...###...###.####
.# #.# #... ###.# # .. ..#
### #.# .## #.# #.. .# ...
#...


You could see Grinder.

Vanquished Creatures
  3 gnolls
  An adder (D:1)
  A worm (D:1)
  2 oozes (D:1)
  3 orcs (D:3)
  A ball python (D:1)
  3 giant cockroaches
  5 hobgoblins
  2 jackals (D:2)
  8 bats
  A giant gecko (D:2)
  A giant newt (D:1)
  4 goblins
  9 kobolds
  3 rats
47 creatures vanquished.

Notes
Turn   | Place    | Note
--------------------------------------------------------------
     0 | D:1      | Rycklaryybbe, the Demigod Wizard, began the quest for the Orb.
     0 | D:1      | Reached XP level 1. HP: 12/12 MP: 7/7
    50 | D:1      | Reached skill level 1 in Conjurations
   624 | D:1      | Reached XP level 2. HP: 18/18 MP: 7/9
   930 | D:1      | Reached skill level 3 in Spellcasting
  1079 | D:1      | Reached XP level 3. HP: 20/24 MP: 8/12
  1186 | D:1      | Learned a level 3 spell: Mephitic Cloud
  1189 | D:1      | Learned a level 2 spell: Blink
  1659 | D:2      | Reached skill level 1 in Air Magic
  1684 | D:2      | Reached XP level 4. HP: 23/30 MP: 1/15
  1825 | D:2      | Reached skill level 1 in Poison Magic
  2188 | D:3      | Noticed Grinder
  2189 | D:3      | Paralysed by Grinder for 5 turns
  2202 | D:3      | Paralysed by Grinder for 6 turns
  2207 | D:3      | Killed from afar by Grinder

Action                   |  1- 3 |  4- 6 || total
-------------------------+-------+-------++-------
Melee: Whip              |    32 |    19 ||    51
Throw: Stone             |     9 |       ||     9
 Cast: Magic Dart        |    99 |    28 ||   127
       Mephitic Cloud    |     1 |     1 ||     2
       Blink             |     1 |       ||     1
 Stab: Sleeping          |     1 |       ||     1
